 Dungeon Crawl Stone Soup version 0.31.0-11-ge490571c62 (webtiles) character file.

Game seed: 527417026128932929

316 Arcadio the Cudgeller (level 6, -7/39 HPs)
             Began as a Gargoyle Gladiator on Feb 3, 2024.
             Mangled by a gnoll
             ... wielding a +0 halberd
             ... led by a gnoll bouda
              (10 damage)
             ... on level 4 of the Dungeon.
             The game lasted 00:05:19 (3509 turns).

Arcadio the Cudgeller (Gargoyle Gladiator)          Turns: 3509, Time: 00:05:20

Health: -7/39      AC: 19    Str: 20    XL:     6   Next: 44%
Magic:  6/6        EV:  5    Int:  8    God:
Gold:   152        SH:  7    Dex: 11    Spells: 5/5 levels left

rFire   . . .        w - +0 morningstar
rCold   . . .        v - +0 kite shield
rNeg    + . .        q - +0 plate armour
rPois   ∞            m - +2 hat
rElec   +            (no cloak)
rCorr   .            t - +0 pair of gloves
SInv    .            (no boots)
Will    .....        (no amulet) Stlth
                     (no ring)
HPRegen 0.26/turn    (no ring)
MPRegen 0.10/turn

%: no passive effects
@: about to teleport
A: sickness immunity, AC +4, negative energy resistance 1, electricity
resistance, torment resistance 1, petrification resistance
a: no special abilities


You were on level 4 of the Dungeon.
You visited 1 branch of the dungeon, and saw 4 of its levels.

You collected 251 gold pieces.
You spent 99 gold pieces at shops.

Inventory:

Hand Weapons
 a - a +0 flail
 l - a +0 spectral club
 w - a +0 morningstar (weapon)
Missiles
 d - 3 throwing nets (quivered)
 e - a javelin
Armour
 b - a +0 leather armour
 c - a +0 helmet
 m - a +2 hat (worn)
 q - a +0 plate armour (worn)
 t - a +0 pair of gloves (worn)
 v - a +0 kite shield (worn)
Talismans
 j - a beast talisman
Scrolls
 f - 2 scrolls of enchant weapon {unknown}
 g - a scroll of noise {unknown}
 i - a scroll of torment {unknown}
 n - a scroll of teleportation
 r - 3 scrolls of identify
 u - a scroll of fear {unknown}
 x - a scroll of immolation {unknown}
Potions
 h - a potion of attraction {unknown}
 k - a potion of mutation {unknown}
 o - 4 potions of heal wounds {unknown}
 p - a potion of curing {unknown}
 s - a potion of brilliance {unknown}
 z - a potion of cancellation {unknown}
 A - a potion of degeneration {unknown}


   Skills:
 + Level 4.6 Fighting
 + Level 4.6 Maces & Flails
 - Level 1.7 Throwing
 + Level 3.7 Armour
 - Level 2.4 Dodging


You had 5 spell levels left.
You didn't know any spells.
Your spell library contained the following spells:

 Spells                   Type           Power      Damage    Failure   Level
 Call Canine Familiar     Summ           0%         N/A       100%        3
 Sigil of Binding         Hex            0%         N/A       100%        3
 Dimensional Bullseye     Hex/Tloc       0%         N/A       100%        4
 Ignite Poison            Fire/Alch      0%         N/A       100%        4
 Sticky Flame             Fire/Alch      0%         2d4       100%        4
 Ignition                 Fire           0%         3d3       100%        8


Dungeon Overview and Level Annotations

Branches:
Dungeon (4/15)
 Temple: D:4-7

Altars:
Ashenzari
Kikubaaqudgha
Xom
The Shining One

Shops:
D:3 [   D:4 :(


Innate Abilities, Weirdness & Mutations

You are immune to sickness and miasma.
Your stone body is resilient. (AC +4)
You are immune to poison.
You resist negative energy. (rN+)
You are resistant to electric shocks. (rElec)
You are resistant to unholy torment.
You are immune to petrification.


Message History

You kill the gnoll bouda!
The gnoll is no longer moving quickly.
The gnoll hits you but does no damage. You block the gnoll's attack.
The gnoll attacks as it pursues you!
The gnoll hits you but does no damage. x2
The gnoll attacks as it pursues you! The gnoll hits you but does no damage.
The gnoll attacks as it pursues you!
The gnoll hits you from afar with a +0 halberd!
The gnoll attacks as it pursues you! You block the gnoll's attack.
The gnoll hits you with a +0 halberd. You block the gnoll's attack.
The gnoll hits you but does no damage. You block the gnoll's attack.
The gnoll barely misses you.
You barely miss the gnoll. The gnoll hits you but does no damage.
You block the gnoll's attack. x2; The gnoll hits you but does no damage.
You block the gnoll's attack.
You hit the gnoll.
The gnoll is moderately wounded.
The gnoll is no longer moving quickly.
The gnoll hits you but does no damage.
You block the gnoll's attack. x2; The gnoll hits you but does no damage.
You closely miss the gnoll.
The gnoll is moderately wounded.
The gnoll hits you but does no damage. You block the gnoll's attack.
The gnoll hits you but does no damage. x2
You hit the gnoll.
The gnoll is heavily wounded.
The gnoll hits you with a +0 spear. x2; The gnoll hits you with a +0 halberd.
* * * LOW HITPOINT WARNING * * *
The gnoll hits you with a +0 spear.
* * * LOW HITPOINT WARNING * * *
The gnoll hits you but does no damage. x3
The gnoll closely misses you. The gnoll hits you with a +0 spear.
* * * LOW HITPOINT WARNING * * *
You block the gnoll's attack.
As you read the scroll of teleportation, it crumbles to dust.
You feel strangely unstable.
The gnoll is no longer moving quickly.
The gnoll hits you from afar with a +0 halberd.
* * * LOW HITPOINT WARNING * * *
The gnoll closely misses you. The gnoll hits you but does no damage.
The gnoll attacks as it pursues you!
The gnoll hits you from afar with a +0 halberd!
You die...

## #. ########## #.
.........#######################.
..####.......gg.@....)...........
### ####.).[.g..........##......
..### ################.##......
§§..# #......... ..#.###
####...... ..#.gg#### #......
#####..†.# ###############.....#
####.####........)..........#
######......####..###...#.....#


You could see 3 gnolls.

Vanquished Creatures
  A phantom (D:4)
  2 hounds
  A gnoll bouda (D:4)
  Jessica (D:2)
  A gnoll (D:4)
  4 adders
  A dart slug (D:3)
  2 ribbon worms (D:2)
  3 orcs
  5 ball pythons
  5 endoplasms
  A giant cockroach (D:3)
  10 goblins
  8 hobgoblins
  2 jackals (D:1)
  5 quokkas
  2 bats (D:3)
  4 frilled lizards
  10 kobolds
  3 rats
71 creatures vanquished.

Notes
Turn   | Place    | Note
-------+----------+-------------------------------------------
     0 | D:1      | Arcadio the Gargoyle Gladiator began the quest for the Orb.
     0 | D:1      | Reached XP level 1. HP: 12/12 MP: 1/1
   216 | D:1      | Reached XP level 2. HP: 11/18 MP: 2/2
   362 | D:1      | Reached skill level 1 in Armour
  1005 | D:2      | Found a faded altar of an unknown god.
  1048 | D:2      | Reached XP level 3. HP: 21/22 MP: 3/3
  1291 | D:2      | Noticed Jessica
  1299 | D:2      | Killed Jessica
  1300 | D:2      | Reached XP level 4. HP: 20/28 MP: 4/4
  1980 | D:3      | Found Sudodemn's Antique Armour Shoppe.
  1987 | D:3      | Bought a pair of gloves for 99 gold pieces
  2193 | D:3      | Found a broken altar of Ashenzari.
  2319 | D:3      | Found a glowing golden altar of the Shining One.
  2321 | D:3      | Found an ancient bone altar of Kikubaaqudgha.
  2352 | D:3      | Reached XP level 5. HP: 33/33 MP: 5/5
  2898 | D:4      | Noticed a phantom
  2899 | D:4      | Found Oxke's Tiny Tomes.
  3120 | D:4      | Found Xahabbu's Antique Weapon Emporium.
  3157 | D:4      | Found a shimmering altar of Xom.
  3385 | D:4      | Killed a phantom
  3386 | D:4      | Reached XP level 6. HP: 34/39 MP: 6/6
  3509 | D:4      | Mangled by a gnoll

Illustrated notes

Levels and vault maps discovered:
D:1:      minmay_arrival_checkered_box, layout_loops_corners
D:2:      layout_basic, basic_ecumenical_altar, chequers_serial_rivers_large_a,
          uniq_jessica
D:3:      layout_basic, nicolae_overflow_hidden_temple, lemuel_crystal_altar,
          serial_shops, nicolae_shop_pleasant_corner_grove
D:4:      layout_rooms, kennysheep_mini, serial_shops, shop, kennysheep_path_1,
          nicolae_shop_i_like_small_books_too, dreamdust_mushroom_princess

Skill      XL: |  1  2  3  4  5 |
---------------+----------------+-----
Armour         | 1 2 3 |  3.7
Fighting       | 3 4 |  4.6
Maces & Flails | 4 |  4.6
Throwing       | |  1.7
Dodging        | |  2.4

Action                     |  1- 3 |  4- 6 || total
---------------------------+-------+-------++-------
  Melee: Flail             |    75 |   122 ||   197
         Punch             |     1 |       ||     1
         Morningstar       |       |    62 ||    62
Ability: Begin Untransform |       |     1 ||     1
    Use: Scroll            |       |     3 ||     3
   Stab: Sleeping          |     1 |       ||     1
 Armour: Leather armour    |    29 |       ||    29
         Plate armour      |    19 |   223 ||   242
  Dodge: Dodged            |    50 |    72 ||   122
  Block: Kite shield       |       |    78 ||    78
   Form: Beast             |     1 |       ||     1
